 Dungeon Crawl Stone Soup version 0.17-a0-725-gfa8c127 (webtiles) character file.

4499 Shacut the Cleaver (level 10, -7/91 HPs)
             Began as a Hill Orc Fighter on Apr 20, 2015.
             Was a Believer of the Shining One.
             Killed by divine providence
             ... invoked by an orc priest
              (15 damage)
             ... on level 8 of the Dungeon.
             The game lasted 01:19:27 (7929 turns).

Shacut the Cleaver (Hill Orc Fighter)               Turns: 7929, Time: 01:19:28

Health: -7/91      AC: 27    Str: 23    XL:     10   Next: 38%
Magic:  10/10      EV:  6    Int:  8    God:    the Shining One [**....]
Gold:   430        SH: 11    Dex: 12    Spells: 0 memorised, 9 levels left

rFire  . . .     SeeInvis .     m - +1 flail (protect)
rCold  . . .     Clarity  .     R - +4 plate armour
rNeg   + . .     SustAb   .     c - +0 shield
rPois  +         Gourm    .     F - +1 helmet
rElec  .         Spirit   .     P - +0 cloak {rPois}
rCorr  .         Warding  .     u - +0 pair of gloves
rMut   .         Stasis   .     (no boots)
MR     .....                    (no amulet)
Stlth  ..........               (no ring)
                                C - +2 ring of dexterity

@: very slightly contaminated, glowing, not resistant to hostile enchantments,
extremely unstealthy
A: no striking features
a: Divine Shield, Renounce Religion, Convert to Beogh


You were on level 8 of the Dungeon.
You worshipped the Shining One.
The Shining One was pleased with you.
You were full.

You visited 1 branch of the dungeon, and saw 9 of its levels.

You collected 508 gold pieces.
You spent 78 gold pieces at shops.

Inventory:

Hand weapons
 a - a +0 war axe
 m - a +1 flail of protection (weapon)
 p - a +0 spear of venom
 r - a +0 falchion of draining
 A - a +0 dagger of speed
 I - a +2 whip of flaming
 J - the +4 short sword of Day {speed, *Rage Int+7, unknown}
   (You found it on level 7 of the Dungeon)

   Attacks with this weapon are significantly faster.
   It affects your intelligence (+7).
   It may make you go berserk in combat.
Missiles
 f - a throwing net (quivered)
Armour
 c - a +0 shield (worn)
 u - a +0 pair of gloves (worn)
 z - a +2 robe of magic resistance
 D - a +1 plate armour
 F - a +1 helmet (worn)
 P - a +0 cloak of poison resistance (worn)
 R - a +4 plate armour (worn)
Magical staves
 L - an uncursed staff of death {unknown}
Jewellery
 C - a +2 ring of dexterity (left hand)
Magical devices
 O - a wand of disintegration (4)
 Q - a wand of frost (8)
Scrolls
 i - 5 scrolls of teleportation
 k - a scroll of remove curse
 w - a scroll of random uselessness
 x - a scroll of recharging
 y - a scroll of immolation
 K - 3 scrolls of identify
 N - a scroll of fear
Potions
 b - 2 potions of cancellation {unknown}
 e - a potion of might
 g - 3 potions of mutation {unknown}
 j - 2 potions of flight {unknown}
 n - 4 potions of heal wounds {unknown}
 o - a potion of berserk rage {unknown}
 q - 9 potions of curing {unknown}
 s - a potion of experience {unknown}
 v - 2 potions of poison {unknown}
 E - a potion of invisibility
 G - a potion of magic {unknown}
 H - a potion of brilliance {unknown}
 M - a potion of agility {unknown}
Comestibles
 d - 5 bread rations
 l - 2 meat rations
 t - 8 fruits
 B - a royal jelly


   Skills:
 + Level 9.2 Fighting
 + Level 11.4(11.5) Axes
 * Level 1.8(6.4) Maces & Flails
 + Level 7.1 Armour
 + Level 2.2 Dodging
 + Level 1.2 Stealth
 + Level 8.2 Shields


You had 9 spell levels left.
You didn't know any spells.

Dungeon Overview and Level Annotations

Branches:
Dungeon (9/15)             Temple (0/1) D:7            Lair (0/8) D:8
    Orc: D:9-12

Altars:
Ashenzari
Dithmenos
Fedhas
Gozag
Kikubaaqudgha
Trog
Xom
Zin
The Shining One

Shops:
D:6 :   D:7 ?

Annotations:
D:4 exclusion: oklob plant


Message History

The orc wizard mumbles some strange words.
The orc wizard blinks!
Your divine shield starts to fade.
You block the orc wizard's attack.
The orc priest mumbles some strange prayers to Beogh against you.
You struggle to resist.
You block the orc wizard's attack.
You hit the orc wizard.
The orc wizard is heavily wounded.
You block the orc wizard's attack. You block the orc wizard's attack. x2
The orc priest calls upon Beogh to heal the orc wizard.
The orc wizard's wounds heal themselves!
The orc wizard hits you but does no damage.
Your divine shield fades away.
You block the orc wizard's attack. The orc wizard hits you with a dagger.
* * * LOW HITPOINT WARNING * * *
The orc priest mumbles some strange prayers to Beogh against you.
Something smites you!
You die...

........# ##.## ###.# # ,#.#.##.#
#.# #...# # .#.#.##.# #.# #...#
##### .#.#.##.# ##'## #...# #)...
......#.###...## ##.## #.###
##.#..#.##.(...## #.# #.# #
##.#..#.#.......## ##.## #.###
#....(#.....T....####...#####.##.
............o..o@'...............
#...#.##.........####...#####....
)..##.###.......## ##[## #.##.
##.##.# ##.....## #.### #.##.
#.##.# ##...## #...# #.##.
##.##.## ##'## ###.# #....
.......# #(# #.# ####. .#.##.##
#.# #.# ## .#.#########.## #.# #


You could see a troll, an orc priest and an orc wizard.

Vanquished Creatures
  Pikel (D:7)
  An elephant (D:8)
  Maurice (D:8)
  Prince Ribbit (D:5)
  A wyvern (D:9)
  A spriggan (D:7)
  2 orc warriors
  A slave (D:7)
  A black bear (D:8)
  An eye of draining (D:8)
  2 ice beasts (D:5)
  A phantom (D:5)
  7 centaurs
  3 sky beasts
  2 crocodiles (D:8)
  2 giant frogs
  A giant frog zombie (D:5)
  4 crimson imps
  2 goliath beetles (D:8)
  2 jellies
  4 orc priests
  5 iguanas
  2 hounds
  A giant frog skeleton (D:6)
  5 worker ants
  4 orc wizards
  6 adders
  2 shadow imps
  An ooze (D:5)
  An adder skeleton (D:6)
  2 worms
  23 orcs
  2 bat skeletons (D:4)
  A bat zombie (D:8)
  2 giant cockroaches
  13 goblins
  15 hobgoblins
  11 jackals
  13 kobolds
  6 quokkas
  2 ball pythons
  11 bats
  A giant cockroach zombie (D:5)
  4 giant geckos
  8 giant newts
  A giant spore (D:7)
  A quokka skeleton (D:5)
  17 rats
  A ballistomycete (D:7)
  A bush (D:4)
  2 fungi (D:8)
  3 plants (D:4)
208 creatures vanquished.

Vanquished Creatures (others)
  A giant frog (D:7)
  A scorpion (D:7)
  A giant gecko (D:7)
3 creatures vanquished.

Grand Total: 211 creatures vanquished

Notes
Turn   | Place    | Note
--------------------------------------------------------------
     0 | D:1      | Shacut, the Hill Orc Fighter, began the quest for the Orb.
     0 | D:1      | Reached XP level 1. HP: 19/19 MP: 1/1
    93 | D:1      | Reached skill level 4 in Fighting
    99 | D:1      | Reached XP level 2. HP: 24/27 MP: 2/2
   299 | D:1      | Found a glowing golden altar of the Shining One.
   358 | D:1      | Became a worshipper of the Shining One
  1062 | D:2      | Reached XP level 3. HP: 33/33 MP: 3/3
  2037 | D:3      | Found a shadowy altar of Dithmenos.
  2046 | D:3      | Reached XP level 4. HP: 39/41 MP: 4/4
  2054 | D:3      | Reached XP level 5. HP: 45/47 MP: 5/5
  2239 | D:3      | Reached skill level 1 in Dodging
  2762 | D:4      | Found a blossoming altar of Fedhas.
  2803 | D:4      | Noticed an oklob plant
  3004 | D:4      | Noticed a sky beast
  3043 | D:4      | Killed a sky beast
  3043 | D:4      | Reached XP level 6. HP: 29/55 MP: 6/6
  3067 | D:4      | Reached skill level 5 in Fighting
  3100 | D:4      | Found a bloodstained altar of Trog.
  3100 | D:4      | Found a shimmering altar of Xom.
  3100 | D:4      | Found an ancient bone altar of Kikubaaqudgha.
  3432 | D:5      | Entered Level 5 of the Dungeon
  3453 | D:5      | Found a blossoming altar of Fedhas.
  3522 | D:5      | Found an opulent altar of Gozag.
  3538 | D:5      | Reached skill level 5 in Shields
  3572 | D:5      | Reached skill level 5 in Axes
  3578 | D:5      | Acquired the Shining One's first power
  3585 | D:5      | Reached XP level 7. HP: 42/61 MP: 7/7
  3806 | D:5      | Reached skill level 6 in Axes
  3996 | D:5      | Noticed Prince Ribbit
  4002 | D:5      | Found a glowing silver altar of Zin.
  4094 | D:5      | Killed Prince Ribbit
  4094 | D:5      | Reached skill level 7 in Axes
  4094 | D:5      | Reached skill level 5 in Armour
  4094 | D:5      | Reached XP level 8. HP: 60/70 MP: 8/8
  4579 | D:6      | Reached skill level 8 in Axes
  4965 | D:6      | Found Ciec's Book Emporium.
  5372 | D:7      | Reached XP level 9. HP: 11/79 MP: 9/9
  5641 | D:7      | Found a shattered altar of Ashenzari.
  5681 | D:7      | Noticed Pikel
  5699 | D:7      | Killed Pikel
  5699 | D:7      | Reached skill level 9 in Axes
  5902 | D:7      | Got a sapphire short sword
  6084 | D:7      | Found a staircase to the Ecumenical Temple.
  6237 | D:7      | Acquired the Shining One's second power
  6245 | D:7      | Reached skill level 1 in Stealth
  6252 | D:7      | Found Yves's Magic Scroll Emporium.
  6284 | D:7      | Bought a scroll of identify for 26 gold pieces
  6284 | D:7      | Bought a scroll of identify for 26 gold pieces
  6284 | D:7      | Bought a scroll of identify for 26 gold pieces
  6710 | D:8      | Reached skill level 10 in Axes
  6741 | D:8      | Found an opulent altar of Gozag.
  7064 | D:8      | Noticed Maurice
  7065 | D:8      | Found a staircase to the Lair.
  7066 | D:8      | Noticed an elephant
  7082 | D:8      | Killed Maurice
  7091 | D:8      | Reached XP level 10. HP: 76/90 MP: 10/10
  7140 | D:8      | Killed an elephant
  7140 | D:8      | Reached skill level 11 in Axes
  7864 | D:9      | Reached skill level 1 in Maces & Flails
  7929 | D:8      | Killed from afar by an orc priest

Action                   |  1- 3 |  4- 6 |  7- 9 | 10-12 || total
-------------------------+-------+-------+-------+-------++-------
Melee: War axe           |   161 |   275 |   304 |    99 ||   839
       Flail             |       |       |       |    54 ||    54
Invok: Divine Shield     |       |       |       |     1 ||     1
  Use: Scroll            |     5 |     4 |     7 |     2 ||    18
  Eat: Bread ration      |     1 |       |     1 |       ||     2
       Meat ration       |       |     1 |     1 |     1 ||     3
       Beef jerky        |       |       |     2 |       ||     2
       Pizza             |       |       |     1 |       ||     1
